[Event "CZE-ch Youth G16 2022"]
[Site "Luhacovice"]
[Date "2022.03.12"]
[Round "1.1"]
[White "Voriskova, Anna"]
[Black "Seda, Michaela"]
[Result "1-0"]
[ECO "D35"]
[WhiteElo "1812"]
[BlackElo "1364"]
[Annotator "NA"]
[PlyCount "93"]
[EventDate "2022.03.12"]
[EventType "swiss"]
[EventCountry "CZE"]
[SourceTitle "playchess.com"]
[Source "ChessBase"]
[SourceQuality "1"]
[TimeControl "40/5400+30:1800+30"]

1. d4 d5 2. c4 e6 3. Nc3 Nf6 4. cxd5 exd5 5. Bg5 Be7 6. Qc2 Nc6 7. e3 a6 8. Nf3 h6 9. Bh4 g5 10. Bg3 Bd6 11. Be2 Ne7 12. Be5 Bxe5 13. Nxe5 Nd7 $16 ({Better is} 13... Qd6) 14. Nxd7 Bxd7 15. O-O Bf5 16. Qb3 Rb8 17. Bf3 Be6 18. Na4 b6 19. Rac1 O-O 20. Qc2 Rb7 21. Be2 Ra7 22. Bd3 f5 23. Nc3 Qd6 24. Qe2 b5 25. f4 g4 26. Nb1 Rc8 27. Rc5 Nc6 28. Rfc1 Nb8 29. Qf2 Qe7 30. Nd2 c6 31. Nb3 Qc7 32. Qh4 Kg7 33. Qh5 Rf8 34. h3 gxh3 35. gxh3 Rf6 36. Kh2 Qd8 37. Nd2 Bf7 38. Qh4 Qe7 39. Rg1+ Rg6 40. Qf2 Qe6 41. Nf3 Nd7 42. Rcc1 Kh7 43. Nh4 Rf6 44. Qg3 Bg6 45. Bxf5 Rxf5 46. Nxg6 Nf6 47. Nf8+ 1-0

[Event "CZE-ch Youth G16 2022"]
[Site "Luhacovice"]
[Date "2022.03.12"]
[Round "1.2"]
[White "Mullerova, Karina Nela"]
[Black "Fizerova, Lucie"]
[Result "0-1"]
[ECO "B51"]
[WhiteElo "1250"]
[BlackElo "1804"]
[Annotator "NA"]
[PlyCount "54"]
[EventDate "2022.03.12"]
[EventType "swiss"]
[EventCountry "CZE"]
[SourceTitle "playchess.com"]
[Source "ChessBase"]
[SourceQuality "1"]
[TimeControl "40/5400+30:1800+30"]

1. e4 c5 2. Nf3 d6 3. Bb5+ Nd7 4. d4 cxd4 5. Qxd4 a6 6. Ba4 Ngf6 7. Nc3 g6 8. e5 dxe5 9. Nxe5 Bg7 10. Nxd7 Bxd7 11. Bxd7+ Qxd7 12. Qxd7+ Nxd7 13. Nd5 Rc8 14. c3 e6 15. Nf4 Rxc3 16. O-O Rc2 17. Rb1 O-O 18. a3 Rfc8 19. b4 Ne5 20. h4 Ng4 21. Nd3 Bd4 22. Bb2 Bxb2 23. Nxb2 Rd2 24. Nd1 Rcc2 25. a4 e5 26. Rb3 Rc1 27. Rg3 Rdxd1 0-1

[Event "CZE-ch Youth G16 2022"]
[Site "Luhacovice"]
[Date "2022.03.12"]
[Round "1.3"]
[White "Havelkova, Beata"]
[Black "Macova, Marketa"]
[Result "1-0"]
[ECO "C65"]
[WhiteElo "1666"]
[BlackElo "1224"]
[Annotator "NA"]
[PlyCount "33"]
[EventDate "2022.03.12"]
[EventType "swiss"]
[EventCountry "CZE"]
[SourceTitle "playchess.com"]
[Source "ChessBase"]
[SourceQuality "1"]
[TimeControl "40/5400+30:1800+30"]

1. e4 e5 2. Nf3 Nc6 3. Bb5 Nf6 4. O-O Bc5 5. c3 O-O 6. d4 exd4 7. cxd4 Bb6 8. e5 Nd5 9. Nc3 Nxc3 10. bxc3 d6 11. Bg5 Ne7 12. Bd3 Be6 13. Qc2 g6 14. Bf6 Qd7 15. Qd2 Nd5 16. Qh6 Nxf6 17. exf6 1-0

[Event "CZE-ch Youth G16 2022"]
[Site "Luhacovice"]
[Date "2022.03.12"]
[Round "1.4"]
[White "Smajzrova, Dominika"]
[Black "Nagyova, Daniela"]
[Result "0-1"]
[ECO "C63"]
[WhiteElo "1203"]
[BlackElo "1623"]
[Annotator "NA"]
[PlyCount "92"]
[EventDate "2022.03.12"]
[EventType "swiss"]
[EventCountry "CZE"]
[SourceTitle "playchess.com"]
[Source "ChessBase"]
[SourceQuality "1"]
[TimeControl "40/5400+30:1800+30"]

1. e4 e5 2. Nf3 Nc6 3. Bb5 f5 4. d3 fxe4 5. dxe4 Nf6 6. Nbd2 Bc5 7. O-O d6 8. h3 O-O 9. Re1 Nd4 10. Bc4+ Kh8 11. c3 Ne6 12. Nf1 Nh5 13. Be3 Bxe3 14. Nxe3 Nef4 15. Nd5 Qe8 16. Nxf4 Nxf4 17. Nh4 Qe7 18. Nf3 Qf6 19. Kh2 Nxh3 20. gxh3 Qxf3 21. Qxf3 Rxf3 22. Kg2 Rxh3 23. Rg1 Bd7 24. Kf1 Rf8 25. Ke2 Rh2 26. Raf1 Bh3 27. Rb1 Rfxf2+ 28. Ke3 h5 29. Rh1 Bg4 30. Rxh2 Rxh2 31. b4 Rc2 32. Kd3 Rf2 33. Ke3 Rf3+ 34. Kd2 h4 35. Be2 Rf2 36. Re1 Rxe2+ 37. Rxe2 Bxe2 38. Kxe2 g5 39. Kf2 g4 40. Kg2 Kg7 41. Kh2 Kg6 42. Kg2 Kg5 43. Kf2 Kf4 44. Kg2 h3+ 45. Kh2 Kf3 46. Kg1 g3 0-1

[Event "CZE-ch Youth G16 2022"]
[Site "Luhacovice"]
[Date "2022.03.12"]
[Round "1.5"]
[White "Markova, Karolina"]
[Black "Sehnoutkova, Laura"]
[Result "1-0"]
[ECO "B25"]
[WhiteElo "1589"]
[BlackElo "1126"]
[Annotator "NA"]
[PlyCount "81"]
[EventDate "2022.03.12"]
[EventType "swiss"]
[EventCountry "CZE"]
[SourceTitle "playchess.com"]
[Source "ChessBase"]
[SourceQuality "1"]
[TimeControl "40/5400+30:1800+30"]

1. e4 c5 2. Nc3 Nc6 3. g3 g6 4. Bg2 Bg7 5. d3 d6 6. f4 Nf6 7. Nf3 Bd7 8. O-O Rb8 9. h3 O-O 10. g4 b5 11. Ne2 Ne8 12. f5 Nc7 13. Qe1 Ne5 14. Nxe5 Bxe5 15. Rb1 e6 16. Bh6 Re8 17. fxg6 hxg6 18. Qf2 Qe7 19. Bf4 Bxf4 20. Qxf4 Kg7 21. g5 e5 22. Qg3 Rh8 23. Rf3 Ne6 24. h4 Rh5 25. Rbf1 Rf8 26. Qf2 Be8 27. Ng3 Rh7 28. Rf6 Nf4 29. Ne2 Nxe2+ 30. Qxe2 Rxh4 31. Qd2 b4 32. c3 bxc3 33. bxc3 Qc7 34. d4 cxd4 35. cxd4 Qb6 36. Rd1 Ba4 37. Rc1 Bc6 38. Rxd6 Rc8 39. Qf2 Rf4 40. Qd2 exd4 41. Qxf4 1-0

[Event "CZE-ch Youth G16 2022"]
[Site "Luhacovice"]
[Date "2022.03.12"]
[Round "1.7"]
[White "Hosova, Sandra"]
[Black "Sargsyan, Anna B."]
[Result "1-0"]
[ECO "A40"]
[WhiteElo "1545"]
[BlackElo "1602"]
[Annotator "NA"]
[PlyCount "67"]
[EventDate "2022.03.12"]
[EventType "swiss"]
[EventCountry "CZE"]
[SourceTitle "playchess.com"]
[Source "ChessBase"]
[SourceQuality "1"]
[TimeControl "40/5400+30:1800+30"]

1. d4 Nc6 2. Nf3 e6 3. Bf4 d5 4. e3 Bd6 5. Ne5 Bd7 6. Nd2 f6 7. Qh5+ g6 8. Nxg6 hxg6 9. Qxh8 Nce7 10. Bh6 Bc6 11. Bg7 Kd7 12. Bxf6 Nxf6 13. Qxf6 Qf8 14. Qxf8 Rxf8 15. Bd3 Rh8 16. h3 Kc8 17. Ke2 e5 18. dxe5 Bxe5 19. c3 Kb8 20. Nf3 Bf6 21. Nd4 Bd7 22. Rad1 c5 23. Nc2 c4 24. Bxc4 Bf5 25. Bd3 Rd8 26. Bxf5 Nxf5 27. Nb4 Ne7 28. Rd2 a5 29. Nd3 Nf5 30. Nf4 Ne7 31. Rhd1 Kc8 32. Nxd5 Nxd5 33. Rxd5 Rxd5 34. Rxd5 1-0

[Event "CZE-ch Youth G16 2022"]
[Site "Luhacovice"]
[Date "2022.03.13"]
[Round "2.1"]
[White "Sulcova, Tereza Radmila"]
[Black "Voriskova, Anna"]
[Result "0-1"]
[ECO "A01"]
[WhiteElo "1555"]
[BlackElo "1812"]
[Annotator "NA"]
[PlyCount "92"]
[EventDate "2022.03.12"]
[EventType "swiss"]
[EventCountry "CZE"]
[SourceTitle "playchess.com"]
[Source "ChessBase"]
[SourceQuality "1"]
[TimeControl "40/5400+30:1800+30"]

1. b3 e5 2. Bb2 Nc6 3. e3 Nf6 4. Bb5 Bd6 5. Nf3 e4 6. Nd4 Nxd4 7. Bxd4 $11 c6 8. Be2 O-O 9. h3 Re8 10. O-O Bb8 11. d3 d5 12. Qc1 Qd6 13. f4 exf3 14. Rxf3 Qh2+ 15. Kf2 Nd7 16. Qg1 Qd6 17. Nd2 c5 18. Bb2 Ne5 19. Rf4 d4 20. Ne4 Qc6 21. Bf3 Nxf3 22. Rxf3 f5 23. Ng3 Rxe3 24. Re1 f4 25. Ne4 Bf5 26. Nd2 Bc7 27. Nc4 Rxe1 28. Qxe1 Re8 29. Qd2 b5 30. Na5 Qe6 31. b4 Qxa2 32. Bc1 Bc8 33. Kf1 cxb4 34. Nb3 Bb7 35. Rf2 Bd6 36. Nxd4 Qd5 37. Ne2 f3 38. Rxf3 Qh5 39. Rf2 a5 40. Nf4 Bxf4 41. Rxf4 Bxg2+ 42. Kg1 Bxh3 43. Rf2 Re6 44. Qf4 Rg6+ 45. Kh2 Bf1+ 46. Qh4 Qxh4# 0-1

[Event "CZE-ch Youth G16 2022"]
[Site "Luhacovice"]
[Date "2022.03.13"]
[Round "2.2"]
[White "Fizerova, Lucie"]
[Black "Markova, Karolina"]
[Result "1/2-1/2"]
[ECO "A16"]
[WhiteElo "1804"]
[BlackElo "1589"]
[Annotator "NA"]
[PlyCount "84"]
[EventDate "2022.03.12"]
[EventType "swiss"]
[EventCountry "CZE"]
[SourceTitle "playchess.com"]
[Source "ChessBase"]
[SourceQuality "1"]
[TimeControl "40/5400+30:1800+30"]

1. c4 Nf6 2. Nc3 g6 3. g3 Bg7 4. Bg2 c5 5. e4 d6 6. Nge2 O-O 7. O-O Nc6 8. a3 Rb8 9. Rb1 a5 10. d3 Bd7 11. h3 Ne8 12. Be3 Nc7 13. Qd2 b5 14. Bh6 b4 15. Bxg7 Kxg7 16. axb4 axb4 17. Nd1 Ne6 18. f4 Ned4 19. f5 Qa5 20. Nxd4 Nxd4 21. Ne3 f6 22. Qf2 g5 23. Ra1 Qd8 24. Ra7 Nc6 25. Ra6 Ra8 26. Rfa1 Rxa6 27. Rxa6 Qc8 28. Ra1 Qb7 29. Kh2 Ra8 30. Rxa8 Qxa8 31. Nd5 Qa7 32. h4 h6 33. Qe2 Be8 34. Qd2 Bh5 35. Kh3 Ne5 36. Ne3 Qa2 37. g4 Bf7 38. h5 Qb1 39. Bf1 Nf3 40. Qd1 Qxd1 41. Nxd1 Ne5 42. Ne3 Be8 1/2-1/2

[Event "CZE-ch Youth G16 2022"]
[Site "Luhacovice"]
[Date "2022.03.13"]
[Round "2.3"]
[White "Nespora, Tatana"]
[Black "Havelkova, Beata"]
[Result "1-0"]
[ECO "B43"]
[WhiteElo "1452"]
[BlackElo "1666"]
[Annotator "NA"]
[PlyCount "47"]
[EventDate "2022.03.12"]
[EventType "swiss"]
[EventCountry "CZE"]
[SourceTitle "playchess.com"]
[Source "ChessBase"]
[SourceQuality "1"]
[TimeControl "40/5400+30:1800+30"]

1. e4 c5 2. Nf3 e6 3. d4 cxd4 4. Nxd4 a6 5. Nc3 Qc7 6. Bd3 Nf6 7. O-O Nc6 8. Nxc6 bxc6 9. f4 a5 10. e5 Nd5 11. Ne4 Qb6+ 12. Kh1 Ba6 13. Qf3 Bxd3 14. cxd3 f5 15. exf6 gxf6 16. b3 O-O-O 17. Bb2 Be7 18. a3 Qxb3 19. Rab1 Qa4 20. Qf2 d6 21. Nxf6 c5 22. Nxd5 exd5 23. Bxh8 Rxh8 24. Qb2 1-0

[Event "CZE-ch Youth G16 2022"]
[Site "Luhacovice"]
[Date "2022.03.13"]
[Round "2.4"]
[White "Nagyova, Daniela"]
[Black "Hosova, Sandra"]
[Result "1/2-1/2"]
[ECO "B35"]
[WhiteElo "1623"]
[BlackElo "1545"]
[Annotator "NA"]
[PlyCount "124"]
[EventDate "2022.03.12"]
[EventType "swiss"]
[EventCountry "CZE"]
[SourceTitle "playchess.com"]
[Source "ChessBase"]
[SourceQuality "1"]
[TimeControl "40/5400+30:1800+30"]

1. e4 c5 2. Nf3 Nc6 3. d4 cxd4 4. Nxd4 g6 5. Nc3 Bg7 6. Be3 Nf6 7. Bc4 d6 8. f3 O-O 9. Bb3 Bd7 10. Qd2 a5 11. a4 Rc8 12. O-O-O Qe8 13. Ndb5 Qd8 14. Bh6 Nb4 15. Bxg7 Kxg7 16. g4 Na6 17. e5 Ne8 18. exd6 e6 19. h4 Nc5 20. Ba2 f6 21. g5 fxg5 22. Na7 Ra8 23. Qd4+ Kg8 24. Qxc5 b6 25. Qe5 Rxa7 26. Bxe6+ Bxe6 27. Qxe6+ Rff7 28. h5 Ng7 29. Qd5 Nxh5 30. Ne4 h6 31. d7 Raxd7 32. Nd6 Qf6 33. Kb1 Qxf3 34. Qe6 Kh7 35. Rdf1 Qxf1+ 36. Rxf1 Rxf1+ 37. Ka2 Rg7 38. Ne8 Rb7 39. Qc6 Re7 40. Nc7 Rf6 41. Qc3 Ref7 42. Nd5 Rd6 43. Qc4 Rfd7 44. Nc7 Ng7 45. Nb5 Rf6 46. Nc3 Rf4 47. Qc6 Rd2 48. Nd5 Rxd5 49. Qxd5 Rxa4+ 50. Kb3 Rb4+ 51. Ka3 g4 52. c4 h5 53. b3 Nf5 54. Qd7+ Kh6 55. Qd2+ Kg7 56. Qd7+ Kf6 57. Qd8+ Ke5 58. Qe8+ Kf4 59. Qxg6 h4 60. Qf7 g3 61. Qc7+ Kf3 62. Qe5 Kg4 1/2-1/2

[Event "CZE-ch Youth G16 2022"]
[Site "Luhacovice"]
[Date "2022.03.13"]
[Round "2.6"]
[White "Sehnoutkova, Laura"]
[Black "Mullerova, Karina Nela"]
[Result "1-0"]
[ECO "A80"]
[WhiteElo "1126"]
[BlackElo "1250"]
[Annotator "NA"]
[PlyCount "83"]
[EventDate "2022.03.12"]
[EventType "swiss"]
[EventCountry "CZE"]
[SourceTitle "playchess.com"]
[Source "ChessBase"]
[SourceQuality "1"]
[TimeControl "40/5400+30:1800+30"]

1. d4 f5 2. Bf4 d5 3. e3 Nf6 4. Nf3 e6 5. Nbd2 a6 6. Be2 c5 7. c4 Nc6 8. a3 cxd4 9. Nxd4 Nxd4 10. exd4 dxc4 11. Nxc4 b5 12. Ne5 Bb7 13. O-O Nd5 14. Bf3 Rb8 15. Bxd5 Qxd5 16. Nf3 Bd6 17. Bxd6 Qxd6 18. Qd3 Qd5 19. Rfe1 O-O 20. Re5 Qd6 21. Rae1 Be4 22. Qe3 Rf6 23. Ng5 Rbf8 24. f3 Bd5 25. Nxe6 Bxe6 26. Rxe6 Rxe6 27. Qxe6+ Qxe6 28. Rxe6 Rd8 29. Rxa6 Rxd4 30. b4 f4 31. g3 g5 32. gxf4 Rxf4 33. Kg2 Kg7 34. Ra5 g4 35. fxg4 Rxg4+ 36. Kf3 Rg5 37. a4 Rf5+ 38. Kg4 Rf2 39. Kg3 Ra2 40. axb5 Rxa5 41. bxa5 h5 42. a6 1-0

[Event "CZE-ch Youth G16 2022"]
[Site "Luhacovice"]
[Date "2022.03.13"]
[Round "2.8"]
[White "Sargsyan, Anna B."]
[Black "Smajzrova, Dominika"]
[Result "0-1"]
[ECO "C43"]
[WhiteElo "1602"]
[BlackElo "1203"]
[Annotator "NA"]
[PlyCount "94"]
[EventDate "2022.03.12"]
[EventType "swiss"]
[EventCountry "CZE"]
[SourceTitle "playchess.com"]
[Source "ChessBase"]
[SourceQuality "1"]
[TimeControl "40/5400+30:1800+30"]

1. e4 e5 2. Nf3 Nf6 3. d4 exd4 4. Qxd4 Nc6 5. Qe3 Nb4 6. Bd3 Be7 7. O-O O-O 8. a3 Nxd3 9. Qxd3 Re8 10. Re1 Bc5 11. e5 Ng4 12. Be3 Nxe5 13. Qd5 Nxf3+ 14. Qxf3 Qg5 15. Nc3 Bxe3 16. Rxe3 Rxe3 17. Qxe3 Qxe3 18. fxe3 d6 19. Nb5 Bf5 20. c3 Re8 21. Re1 Re7 22. Nxa7 Re5 23. a4 Bd7 24. b3 Ra5 25. Nb5 Bxb5 26. axb5 Rxb5 27. Ra1 Kf8 28. Rb1 Rd5 29. e4 Rd3 30. Rc1 Re3 31. b4 Rxe4 32. c4 b6 33. c5 Rxb4 34. cxd6 cxd6 35. Rc6 Ke7 36. Rc7+ Ke6 37. Rc8 d5 38. Rh8 h6 39. Re8+ Kd7 40. Re5 d4 41. Re4 Kd6 42. Kf2 Rb2+ 43. Kf3 Rb3+ 44. Kf2 d3 45. Re3 Rb2+ 46. Kf3 d2 47. Rd3+ Ke5 0-1

[Event "CZE-ch Youth G16 2022"]
[Site "Luhacovice"]
[Date "2022.03.14"]
[Round "3.1"]
[White "Voriskova, Anna"]
[Black "Nespora, Tatana"]
[Result "1-0"]
[ECO "E62"]
[WhiteElo "1812"]
[BlackElo "1452"]
[Annotator "NA"]
[PlyCount "24"]
[EventDate "2022.03.12"]
[EventType "swiss"]
[EventCountry "CZE"]
[SourceTitle "playchess.com"]
[Source "ChessBase"]
[SourceQuality "1"]
[TimeControl "40/5400+30:1800+30"]

1. d4 Nf6 2. c4 g6 3. Nf3 Bg7 4. g3 O-O 5. Bg2 d6 6. Nc3 c6 7. O-O Qa5 8. Qc2 Qh5 9. b4 Bh3 10. Rd1 h6 11. Bb2 Nbd7 12. Bh1 Ng4 1-0

[Event "CZE-ch Youth G16 2022"]
[Site "Luhacovice"]
[Date "2022.03.14"]
[Round "3.2"]
[White "Hosova, Sandra"]
[Black "Fizerova, Lucie"]
[Result "1-0"]
[ECO "B20"]
[WhiteElo "1545"]
[BlackElo "1804"]
[Annotator "NA"]
[PlyCount "53"]
[EventDate "2022.03.12"]
[EventType "swiss"]
[EventCountry "CZE"]
[SourceTitle "playchess.com"]
[Source "ChessBase"]
[SourceQuality "1"]
[TimeControl "40/5400+30:1800+30"]

1. e4 c5 2. c4 g6 3. Nc3 Bg7 4. g3 Nc6 5. Nge2 Nf6 6. Bg2 O-O 7. O-O Ne8 8. f4 d6 9. d3 $11 Nc7 10. Be3 Ne6 11. Qd2 Ned4 12. h3 h5 13. Rf2 Bd7 14. Raf1 Qc8 15. Kh2 a6 16. Nd5 Qd8 17. f5 Nxe2 18. Qxe2 Ne5 19. Qd2 f6 20. Nf4 Qe8 21. fxg6 Nxg6 22. Nxh5 Bh8 23. Nf4 Nxf4 24. gxf4 Qh5 25. f5 Kf7 26. Bf3 Qh7 27. Bh6 1-0

[Event "CZE-ch Youth G16 2022"]
[Site "Luhacovice"]
[Date "2022.03.14"]
[Round "3.3"]
[White "Markova, Karolina"]
[Black "Nagyova, Daniela"]
[Result "1/2-1/2"]
[ECO "C55"]
[WhiteElo "1589"]
[BlackElo "1623"]
[Annotator "NA"]
[PlyCount "100"]
[EventDate "2022.03.12"]
[EventType "swiss"]
[EventCountry "CZE"]
[SourceTitle "playchess.com"]
[Source "ChessBase"]
[SourceQuality "1"]
[TimeControl "40/5400+30:1800+30"]

1. e4 e5 2. Nf3 Nc6 3. d4 exd4 4. Bc4 Nf6 5. e5 Ng4 6. Qe2 Qe7 7. Bf4 d6 8. exd6 Qxe2+ 9. Bxe2 Bxd6 10. Bxd6 cxd6 11. Na3 d3 12. Bxd3 Be6 13. Nb5 O-O-O 14. O-O a6 15. Nbd4 Nge5 16. Be2 Kc7 17. Nxe6+ fxe6 18. Ng5 Nd4 19. Bd3 Nxd3 20. cxd3 Rde8 21. Rac1+ Kd7 22. Rfe1 h6 23. Ne4 Rc8 24. Nc3 Rc6 25. Re4 Nb5 26. Rce1 Nxc3 27. bxc3 d5 28. Rg4 g5 29. c4 dxc4 30. dxc4 Rhc8 31. Rge4 Ke7 32. g3 Rb6 33. h4 Rcc6 34. hxg5 hxg5 35. Kg2 Rb2 36. a3 Kf6 37. R1e3 Rc2 38. Rb3 R2xc4 39. Rxc4 Rxc4 40. Rxb7 Rc3 41. Rb8 Rxa3 42. Kh3 Ra4 43. f3 a5 44. Ra8 Kg6 45. Rg8+ Kf6 46. Ra8 Kf5 47. Rf8+ Kg6 48. Rg8+ Kf6 49. Ra8 Kf7 50. Ra7+ Kf6 1/2-1/2

[Event "CZE-ch Youth G16 2022"]
[Site "Luhacovice"]
[Date "2022.03.14"]
[Round "3.5"]
[White "Macova, Marketa"]
[Black "Sulcova, Tereza Radmila"]
[Result "0-1"]
[ECO "A40"]
[WhiteElo "1224"]
[BlackElo "1555"]
[Annotator "NA"]
[PlyCount "118"]
[EventDate "2022.03.12"]
[EventType "swiss"]
[EventCountry "CZE"]
[SourceTitle "playchess.com"]
[Source "ChessBase"]
[SourceQuality "1"]
[TimeControl "40/5400+30:1800+30"]

1. d4 a6 2. Bf4 b5 3. Nf3 Bb7 4. Nc3 e6 5. e4 b4 6. Ne2 Bxe4 7. Ng3 Bb7 8. Bd3 Nf6 9. O-O Be7 10. Re1 d6 11. c4 bxc3 12. bxc3 Nd5 13. Qd2 Nd7 14. Nh5 Nxf4 15. Qxf4 Bf6 16. g4 O-O 17. Rab1 Qc8 18. Ng5 e5 19. Qf5 g6 20. Nxf6+ Nxf6 21. Qxc8 Bxc8 22. h3 exd4 23. cxd4 h6 24. Ne4 Nd5 25. Bc4 Be6 26. Rb7 Nf4 27. Bxe6 Nxe6 28. Rd1 Rfb8 29. Rdb1 Rxb7 30. Rxb7 Rc8 31. Rb4 Kg7 32. Kg2 Nf4+ 33. Kg3 Nd5 34. Ra4 f5 35. Nd2 Ra8 36. Nc4 Kf6 37. h4 Nc3 38. Ra3 Ne2+ 39. Kf3 Nxd4+ 40. Kg3 fxg4 41. Kxg4 h5+ 42. Kg3 Nf5+ 43. Kh3 d5 44. Nd2 Ke6 45. Nf3 c5 46. Rc3 Kd6 47. Ng5 Kc6 48. Ne6 c4 49. Nf4 Kc5 50. Nxg6 Rg8 51. Nf4 Rg4 52. Ng2 Kd4 53. Rf3 Ke4 54. Rc3 Ke5 55. f4+ Kd4 56. Rf3 Rxg2 57. Kxg2 Nxh4+ 58. Kg3 Nxf3 59. Kxf3 Kd3 0-1

[Event "CZE-ch Youth G16 2022"]
[Site "Luhacovice"]
[Date "2022.03.14"]
[Round "3.6"]
[White "Smajzrova, Dominika"]
[Black "Seda, Michaela"]
[Result "1-0"]
[ECO "C65"]
[WhiteElo "1203"]
[BlackElo "1364"]
[Annotator "NA"]
[PlyCount "77"]
[EventDate "2022.03.12"]
[EventType "swiss"]
[EventCountry "CZE"]
[SourceTitle "playchess.com"]
[Source "ChessBase"]
[SourceQuality "1"]
[TimeControl "40/5400+30:1800+30"]

1. e4 e5 2. Nf3 Nc6 3. Bb5 Nf6 4. d3 d6 5. h3 Bd7 6. c3 a6 7. Ba4 b5 8. Bc2 d5 9. d4 dxe4 10. Nxe5 Bd6 11. Nxd7 Qxd7 12. Bg5 O-O-O 13. O-O Rde8 14. Nd2 Qf5 15. Bxf6 gxf6 16. Qg4 Qxg4 17. hxg4 e3 18. fxe3 Rxe3 19. Rxf6 Re2 20. Bf5+ Kb7 21. Ne4 Rxb2 22. Nxd6+ cxd6 23. Rxf7+ Kb6 24. Rd7 Re8 25. Rxh7 Ree2 26. Rh2 Na5 27. Bd3 Rf2 28. g5 Rf4 29. g3 Rxh2 30. Kxh2 Rf3 31. g6 Rf8 32. Rf1 Rh8+ 33. Kg2 Nc4 34. Rf7 Ne3+ 35. Kf3 Nd5 36. g7 Re8 37. Be4 Nxc3 38. Rf8 Rxf8+ 39. gxf8=R 1-0

[Event "CZE-ch Youth G16 2022"]
[Site "Luhacovice"]
[Date "2022.03.14"]
[Round "3.7"]
[White "Mullerova, Karina Nela"]
[Black "Sargsyan, Anna B."]
[Result "1-0"]
[ECO "C44"]
[WhiteElo "1250"]
[BlackElo "1602"]
[Annotator "NA"]
[PlyCount "57"]
[EventDate "2022.03.12"]
[EventType "swiss"]
[EventCountry "CZE"]
[SourceTitle "playchess.com"]
[Source "ChessBase"]
[SourceQuality "1"]
[TimeControl "40/5400+30:1800+30"]

1. e4 e5 2. Nf3 Nc6 3. d4 exd4 4. Bc4 Qe7 5. Ng5 Nh6 6. Qd3 Ne5 7. Qxd4 Nxc4 8. Qxc4 Qb4+ 9. Nd2 Qxc4 10. Nxc4 b5 11. Ne3 Be7 12. Nd5 Bd8 13. Bf4 d6 14. h3 f5 15. O-O-O O-O 16. f3 Bb7 17. Ne6 Rf7 18. Bxh6 Bxd5 19. Rxd5 gxh6 20. Rxf5 Rxf5 21. exf5 Bg5+ 22. f4 Bf6 23. Nxc7 Rb8 24. Rd1 Bd8 25. Ne6 Kf7 26. Rxd6 Be7 27. Rd7 Ke8 28. Rxa7 Kf7 29. g4 1-0

[Event "CZE-ch Youth G16 2022"]
[Site "Luhacovice"]
[Date "2022.03.14"]
[Round "4.1"]
[White "Hosova, Sandra"]
[Black "Voriskova, Anna"]
[Result "1-0"]
[ECO "A48"]
[WhiteElo "1545"]
[BlackElo "1812"]
[Annotator "NA"]
[PlyCount "67"]
[EventDate "2022.03.12"]
[EventType "swiss"]
[EventCountry "CZE"]
[SourceTitle "playchess.com"]
[Source "ChessBase"]
[SourceQuality "1"]
[TimeControl "40/5400+30:1800+30"]

1. d4 Nf6 2. Nf3 g6 3. Bf4 c5 4. e3 b6 5. Be2 Bg7 6. Nc3 O-O 7. Qd3 Bb7 8. O-O-O cxd4 9. exd4 d5 10. Ne5 Ba6 11. Qe3 Bxe2 12. Qxe2 ({Of course not} 12. Nxe2 Qc8 $11) 12... a6 13. g4 b5 14. Kb1 Qa5 15. Qe3 b4 16. Ne2 Qb5 17. h4 Nbd7 18. f3 Rfc8 (18... Nb6 $16) 19. h5 Nf8 20. Rd2 a5 21. hxg6 hxg6 $2 (21... fxg6 {was called for.} 22. Nc1 N6d7) 22. Bh6 N6h7 23. Bxg7 Kxg7 24. Qh6+ Kg8 25. Nf4 Ra6 26. Qh4 g5 27. Qh5 Rf6 $2 (27... Qe8) 28. Nh3 Ne6 $18 29. Rdh2 Rxf3 30. Nf2 Nef8 31. Nxf3 Qc6 32. Nd3 Qf6 33. Nfe5 a4 34. Nd7 1-0

[Event "CZE-ch Youth G16 2022"]
[Site "Luhacovice"]
[Date "2022.03.14"]
[Round "4.2"]
[White "Nagyova, Daniela"]
[Black "Havelkova, Beata"]
[Result "1-0"]
[ECO "B42"]
[WhiteElo "1623"]
[BlackElo "1666"]
[Annotator "NA"]
[PlyCount "49"]
[EventDate "2022.03.12"]
[EventType "swiss"]
[EventCountry "CZE"]
[SourceTitle "playchess.com"]
[Source "ChessBase"]
[SourceQuality "1"]
[TimeControl "40/5400+30:1800+30"]

1. e4 c5 2. Nf3 e6 3. d4 cxd4 4. Nxd4 a6 5. Bd3 Qc7 6. Nc3 b5 7. O-O Bb7 8. Qe2 d6 9. a4 b4 10. Na2 Nf6 11. c3 bxc3 12. Nxc3 Nbd7 13. Bd2 Nc5 14. Rac1 Qb6 15. Be3 Be7 16. Rb1 Rc8 17. Nxe6 fxe6 18. b4 Qc6 19. bxc5 dxc5 20. Rxb7 c4 21. Rb6 cxd3 22. Rxc6 dxe2 23. Rxc8+ Kf7 24. Rxh8 exf1=Q+ 25. Kxf1 1-0

[Event "CZE-ch Youth G16 2022"]
[Site "Luhacovice"]
[Date "2022.03.14"]
[Round "4.3"]
[White "Nespora, Tatana"]
[Black "Markova, Karolina"]
[Result "0-1"]
[ECO "B35"]
[WhiteElo "1452"]
[BlackElo "1589"]
[Annotator "NA"]
[PlyCount "78"]
[EventDate "2022.03.12"]
[EventType "swiss"]
[EventCountry "CZE"]
[SourceTitle "playchess.com"]
[Source "ChessBase"]
[SourceQuality "1"]
[TimeControl "40/5400+30:1800+30"]

1. e4 c5 2. Nf3 Nc6 3. d4 cxd4 4. Nxd4 g6 5. Nc3 Bg7 6. Be3 Nf6 7. Bc4 O-O 8. Bb3 d6 9. f3 Bd7 10. Qd2 a6 11. O-O-O b5 12. g4 Na5 13. h4 Nc4 14. Bxc4 bxc4 15. h5 Rb8 16. hxg6 fxg6 17. Bh6 Qb6 18. Qg5 Qxb2+ 19. Kd2 Nxe4+ 20. fxe4 Rf2+ 21. Ke1 Qxc3+ 22. Kxf2 Bxd4+ 23. Rxd4 Qxd4+ 24. Kg3 Qxe4 25. Rf1 Bc6 26. Qf4 Qxf4+ 27. Rxf4 Bd5 28. Bg5 Re8 29. Kf2 e5 30. Rf6 Rf8 31. Ke3 Rxf6 32. Bxf6 Kf7 33. Bd8 Ke6 34. g5 c3 35. Kd3 Bxa2 36. Kxc3 d5 37. Kd3 d4 38. c3 Bb1+ 39. Kc4 d3 0-1

[Event "CZE-ch Youth G16 2022"]
[Site "Luhacovice"]
[Date "2022.03.14"]
[Round "4.4"]
[White "Sulcova, Tereza Radmila"]
[Black "Smajzrova, Dominika"]
[Result "1/2-1/2"]
[ECO "A00"]
[WhiteElo "1555"]
[BlackElo "1203"]
[Annotator "NA"]
[PlyCount "36"]
[EventDate "2022.03.12"]
[EventType "swiss"]
[EventCountry "CZE"]
[SourceTitle "playchess.com"]
[Source "ChessBase"]
[SourceQuality "1"]
[TimeControl "40/5400+30:1800+30"]

1. a3 e5 2. b4 d5 3. Bb2 Bd6 4. Nf3 Nd7 5. e3 Ngf6 6. Be2 O-O 7. O-O Re8 8. d3 Nf8 9. c4 c6 10. Nbd2 Ng6 11. Qb3 Bc7 12. Rac1 Be6 13. Rfd1 Rb8 14. Qc2 Rc8 15. a4 Qd7 16. Nb3 b6 17. Ra1 Bf5 18. Nfd2 Bh3 1/2-1/2